TOP OF THE 1ST |
Fremont Cyclones batting - Pitching for Long Beach KO : RHP Máximo Salazar
|
Pitching: RHP Máximo Salazar
|
|
Batting: RHB Brian Stewart
|
0-0: Ball 1-0: Ball 2-0: Ball 3-0: Called Strike 3-1: Base on Balls
|
Batting: RHB Robinson Fernández
|
0-0: Ball 1-0: Ball 2-0: Foul Ball, location: 2F 2-1: Foul Ball, location: 2F 2-2: Fielders Choice at 2nd, 4-6 (Groundball, 4)
|
Batting: LHB Ernesto Hernández
|
0-0: Ball Robinson Fernández steals 2nd base 1-0: Foul Ball, location: 2F 1-1: Ball 2-1: Called Strike 2-2: Ball 3-2: Strikes out swinging
|
Batting: SHB Arnold Moore
|
0-0: Foul Ball, location: 2F 0-1: Ball 1-1: Ball 2-1: Foul Ball, location: 2F 2-2: Ground out 3-1 (Groundball, 34S)
|
Top of the 1st over - 0 run(s), 0 hit(s), 0 error(s), 1 left on base; Fremont 0 - Long Beach 0 |
BOTTOM OF THE 1ST |
Long Beach KO batting - Pitching for Fremont Cyclones : RHP Gilberto Delgado
|
Pitching: RHP Gilberto Delgado
|
|
Batting: LHB Walt Brown
|
0-0: Ball 1-0: Swinging Strike 1-1: Ball 2-1: Foul Ball, location: 2F 2-2: Foul Ball, location: 2F 2-2: Foul Ball, location: 2F 2-2: Ground out 5-3 (Groundball, 56)
|
Batting: RHB Kenny Pruitt
|
0-0: Ball 1-0: Ball 2-0: SINGLE (Groundball, 56D) (infield hit)
|
Batting: RHB Juan Rodríguez
|
0-0: Grounds into double play, 6-4-3 (Groundball, 6)
|
Bottom of the 1st over - 0 run(s), 1 hit(s), 0 error(s), 0 left on base; Fremont 0 - Long Beach 0 |
TOP OF THE 2ND |
Fremont Cyclones batting - Pitching for Long Beach KO : RHP Máximo Salazar
|
Batting: LHB Justin Holland
|
0-0: Ball 1-0: Ground out U3 (Groundball, 3L)
|
Batting: RHB Jaime Delgado
|
0-0: Ball 1-0: Swinging Strike 1-1: Fly out, F7 (Flyball, 7M)
|
Batting: RHB Nelson Burton
|
0-0: Ball 1-0: Ball 2-0: Called Strike 2-1: Fly out, F8 (Line Drive, 8LS)
|
Top of the 2nd over - 0 run(s), 0 hit(s), 0 error(s), 0 left on base; Fremont 0 - Long Beach 0 |
BOTTOM OF THE 2ND |
Long Beach KO batting - Pitching for Fremont Cyclones : RHP Gilberto Delgado
|
Batting: RHB Juan Herrera
|
0-0: Foul Ball, location: 2F 0-1: Fly out, F8 (Line Drive, 8LM)
|
Batting: RHB Francisco López
|
0-0: Called Strike 0-1: Swinging Strike 0-2: Foul Ball, location: 2F 0-2: Strikes out swinging
|
Batting: RHB Máximo Salazar
|
0-0: Ball 1-0: Ball 2-0: Called Strike 2-1: Called Strike 2-2: Ball 3-2: Base on Balls
|
Batting: SHB Juan Cervantes
|
0-0: Ball 1-0: Ball 2-0: Foul Ball, location: 2F 2-1: Swinging Strike 2-2: Ball 3-2: Base on Balls Máximo Salazar to second
|
Batting: RHB Bill Muñóz
|
0-0: Swinging Strike 0-1: Ball 1-1: Ball 2-1: Foul Ball, location: 2F 2-2: Ball 3-2: Strikes out swinging
|
Bottom of the 2nd over - 0 run(s), 0 hit(s), 0 error(s), 2 left on base; Fremont 0 - Long Beach 0 |
TOP OF THE 3RD |
Fremont Cyclones batting - Pitching for Long Beach KO : RHP Máximo Salazar
|
Batting: RHB Pablo Pineda
|
0-0: Ball 1-0: Ball 2-0: Ball 3-0: Base on Balls
|
Batting: RHB Carlos Rosales
|
0-0: Ball 1-0: Swinging Strike 1-1: Foul Ball, location: 2F 1-2: Ball 2-2: Strikes out swinging
|
Batting: RHB Brian Stewart
|
0-0: Ball 1-0: Ball 2-0: Ground out 3-1 (Groundball, 34) Pablo Pineda to second
|
Batting: RHB Robinson Fernández
|
0-0: Fly out, F9 (Line Drive, 9M)
|
Top of the 3rd over - 0 run(s), 0 hit(s), 0 error(s), 1 left on base; Fremont 0 - Long Beach 0 |
BOTTOM OF THE 3RD |
Long Beach KO batting - Pitching for Fremont Cyclones : RHP Gilberto Delgado
|
Batting: RHB Bret Oliver
|
0-0: Ball 1-0: Foul Ball, location: 2F 1-1: Ball 2-1: Reached on error, E5 (Groundball, 5)
|
Batting: LHB Walt Brown
|
0-0: Called Strike 0-1: Ball 1-1: Ball 2-1: Ball 3-1: SINGLE (Groundball, 6MD) (infield hit) Bret Oliver to second
|
Batting: RHB Kenny Pruitt
|
0-0: Ball 1-0: Foul Ball, location: 2F 1-1: Ball 2-1: Reached on error, E6 (Groundball, 6M) Bret Oliver to third Walt Brown to second
|
Batting: RHB Juan Rodríguez
|
0-0: Ball 1-0: Grounds into double play, 6-4-3 (Groundball, 6) Bret Oliver scores Walt Brown to third
|
Batting: RHB Juan Herrera
|
0-0: Ball 1-0: Called Strike 1-1: Ball 2-1: Ball 3-1: Called Strike 3-2: Base on Balls
|
Batting: RHB Francisco López
|
0-0: Foul Ball, location: 2F 0-1: Ball 1-1: Called Strike 1-2: Foul Ball, location: 2F 1-2: Ball 2-2: Foul Ball, location: 2F 2-2: Fly out, F7 (Flyball, 7M)
|
Bottom of the 3rd over - 1 run(s), 1 hit(s), 2 error(s), 2 left on base; Fremont 0 - Long Beach 1 |
TOP OF THE 4TH |
Fremont Cyclones batting - Pitching for Long Beach KO : RHP Máximo Salazar
|
Batting: LHB Ernesto Hernández
|
0-0: Ball 1-0: Fly out, F7 (Flyball, 78S)
|
Batting: SHB Arnold Moore
|
0-0: Foul Ball, location: 2F 0-1: Foul Ball, location: 2F 0-2: Foul Ball, location: 2F 0-2: Ball 1-2: Foul Ball, location: 2F 1-2: Strikes out looking
|
Batting: LHB Justin Holland
|
0-0: Ball 1-0: Called Strike 1-1: Ball 2-1: Fly out, F7 (Flyball, 78M)
|
Top of the 4th over - 0 run(s), 0 hit(s), 0 error(s), 0 left on base; Fremont 0 - Long Beach 1 |
BOTTOM OF THE 4TH |
Long Beach KO batting - Pitching for Fremont Cyclones : RHP Gilberto Delgado
|
Batting: RHB Máximo Salazar
|
0-0: Foul Ball, location: 2F 0-1: Foul Ball, location: 2F 0-2: Foul Ball, location: 2F 0-2: Fly out, F7 (Line Drive, 7D)
|
Batting: SHB Juan Cervantes
|
0-0: Swinging Strike 0-1: Ball 1-1: Ball 2-1: Fly out, F8 (Flyball, 8RM)
|
Batting: RHB Bill Muñóz
|
0-0: Ball 1-0: Foul Ball, location: 2F 1-1: Foul Ball, location: 2F 1-2: Ball 2-2: Foul Ball, location: 2F 2-2: Ball 3-2: Ground out 5-3 (Groundball, 5)
|
Bottom of the 4th over - 0 run(s), 0 hit(s), 0 error(s), 0 left on base; Fremont 0 - Long Beach 1 |
TOP OF THE 5TH |
Fremont Cyclones batting - Pitching for Long Beach KO : RHP Máximo Salazar
|
Batting: RHB Jaime Delgado
|
0-0: Called Strike 0-1: Ball 1-1: Foul Ball, location: 2F 1-2: Strikes out swinging
|
Batting: RHB Nelson Burton
|
0-0: Called Strike 0-1: Swinging Strike 0-2: Strikes out looking
|
Batting: RHB Pablo Pineda
|
0-0: Ball 1-0: Ball 2-0: Ball 3-0: Called Strike 3-1: Foul Ball, location: 2F 3-2: Base on Balls
|
Batting: RHB Carlos Rosales
|
0-0: Called Strike 0-1: Ball Passed Ball! Pablo Pineda to second 1-1: Ball 2-1: Foul Ball, location: 2F 2-2: SINGLE (Groundball, 13) (infield hit) Pablo Pineda to third
|
Batting: RHB Brian Stewart
|
0-0: DOUBLE (Flyball, 78M) Pablo Pineda scores Carlos Rosales to third
|
Batting: RHB Robinson Fernández
|
0-0: DOUBLE (Line Drive, 9LS) Carlos Rosales scores Brian Stewart scores
|
Batting: LHB Ernesto Hernández
|
0-0: Foul Ball, location: 2F 0-1: Reached on error, E4 (Groundball, 4) Robinson Fernández to third
|
Batting: SHB Arnold Moore
|
0-0: Ball 1-0: Ball 2-0: Ball 3-0: Called Strike 3-1: Foul Ball, location: 2F 3-2: Foul Ball, location: 2F 3-2: Strikes out swinging
|
Top of the 5th over - 3 run(s), 3 hit(s), 1 error(s), 2 left on base; Fremont 3 - Long Beach 1 |
BOTTOM OF THE 5TH |
Long Beach KO batting - Pitching for Fremont Cyclones : RHP Gilberto Delgado
|
Batting: RHB Bret Oliver
|
0-0: Ball 1-0: Foul Ball, location: 2F 1-1: Swinging Strike 1-2: Ball 2-2: Ball 3-2: SINGLE (Groundball, 56D)
|
Pitching: RHP Jesús Ramírez
|
|
Batting: LHB Walt Brown
|
0-0: Called Strike 0-1: Fielders Choice at 2nd, 4-6 (Groundball, 4)
|
Batting: RHB Kenny Pruitt
|
0-0: Ball 1-0: Ball 2-0: Called Strike 2-1: Swinging Strike 2-2: Ball 3-2: Strikes out swinging
|
Batting: RHB Juan Rodríguez
|
0-0: Swinging Strike 0-1: Foul Ball, location: 2F 0-2: Ball 1-2: Strikes out looking
|
Bottom of the 5th over - 0 run(s), 1 hit(s), 0 error(s), 1 left on base; Fremont 3 - Long Beach 1 |
TOP OF THE 6TH |
Fremont Cyclones batting - Pitching for Long Beach KO : RHP Máximo Salazar
|
Pitching: LHP Leonard Simmons
|
|
Batting: LHB Justin Holland
|
0-0: Ball 1-0: Fly out, F9 (Flyball, 9S)
|
Batting: RHB Jaime Delgado
|
0-0: Ball 1-0: Ball 2-0: DOUBLE (Line Drive, 89M)
|
Batting: RHB Nelson Burton
|
0-0: Ball Jaime Delgado steals 3rd base 1-0: Called Strike 1-1: Foul Ball, location: 2F 1-2: Ball 2-2: Ball 3-2: Fly out, F9 (Flyball, 89M) Runner from 3rd tags up, SCORES, no throw
|
Batting: RHB Pablo Pineda
|
0-0: Fly out, F8 (Line Drive, 78M)
|
Top of the 6th over - 1 run(s), 1 hit(s), 0 error(s), 0 left on base; Fremont 4 - Long Beach 1 |
BOTTOM OF THE 6TH |
Long Beach KO batting - Pitching for Fremont Cyclones : RHP Jesús Ramírez
|
Batting: RHB Juan Herrera
|
0-0: Called Strike 0-1: Called Strike 0-2: Strikes out looking
|
Batting: RHB Francisco López
|
0-0: Fly out, F7 (Flyball, 78M)
|
Batting: RHB Máximo Salazar
|
0-0: Called Strike 0-1: Foul Ball, location: 2F 0-2: Ball 1-2: Foul Ball, location: 2F 1-2: Strikes out swinging
|
Bottom of the 6th over - 0 run(s), 0 hit(s), 0 error(s), 0 left on base; Fremont 4 - Long Beach 1 |
TOP OF THE 7TH |
Fremont Cyclones batting - Pitching for Long Beach KO : LHP Leonard Simmons
|
Batting: RHB Carlos Rosales
|
0-0: SINGLE (Groundball, 5D)
|
Batting: RHB Brian Stewart
|
0-0: Ball 1-0: SINGLE (Groundball, 4MD) Carlos Rosales to second
|
Batting: RHB Robinson Fernández
|
0-0: 3-RUN HOME RUN (Flyball, 7D), Distance : 382 ft
|
Pitching: LHP António Bruno
|
|
Batting: LHB Ernesto Hernández
|
0-0: Ball 1-0: Ball 2-0: Called Strike 2-1: Ball 3-1: Fly out, F9 (Flyball, 89M)
|
Batting: SHB Arnold Moore
|
0-0: Ball 1-0: Ball 2-0: Called Strike 2-1: Ground out 5-3 (Groundball, 56S)
|
Batting: LHB Justin Holland
|
0-0: Foul Ball, location: 2F 0-1: Reached on error, E5 (Groundball, 5S)
|
Batting: RHB Jaime Delgado
|
0-0: Swinging Strike 0-1: Foul Ball, location: 2F 0-2: Ball 1-2: Foul Ball, location: 2F 1-2: Ball 2-2: Foul Ball, location: 2F 2-2: Fly out, F4 (Line Drive, 4)
|
Top of the 7th over - 3 run(s), 3 hit(s), 1 error(s), 1 left on base; Fremont 7 - Long Beach 1 |
BOTTOM OF THE 7TH |
Long Beach KO batting - Pitching for Fremont Cyclones : RHP Jesús Ramírez
|
Pitching: LHP Robert Griggs
|
|
Batting: SHB Juan Cervantes
|
0-0: Ball 1-0: Ball 2-0: SINGLE (Line Drive, 8LS)
|
Batting: RHB Bill Muñóz
|
0-0: Swinging Strike 0-1: Foul Ball, location: 2F 0-2: Ball 1-2: Strikes out swinging
|
Batting: RHB Bret Oliver
|
0-0: Fly out, F9 (Line Drive, 89M)
|
Batting: LHB Walt Brown
|
0-0: Ball 1-0: Foul Ball, location: 2F 1-1: Foul Ball, location: 2F 1-2: Ball 2-2: Fly out, F9 (Line Drive, 9M)
|
Bottom of the 7th over - 0 run(s), 1 hit(s), 0 error(s), 1 left on base; Fremont 7 - Long Beach 1 |
TOP OF THE 8TH |
Fremont Cyclones batting - Pitching for Long Beach KO : LHP António Bruno
|
Batting: RHB Nelson Burton
|
0-0: Called Strike 0-1: Ball 1-1: Ball 2-1: Foul Ball, location: 2F 2-2: Foul Ball, location: 2F 2-2: Ball 3-2: Strikes out swinging
|
Batting: RHB Pablo Pineda
|
0-0: Called Strike 0-1: Ball 1-1: Foul Ball, location: 2F 1-2: Strikes out swinging
|
Batting: RHB Carlos Rosales
|
0-0: Called Strike 0-1: Swinging Strike 0-2: Ball 1-2: Ball 2-2: Strikes out swinging
|
Top of the 8th over - 0 run(s), 0 hit(s), 0 error(s), 0 left on base; Fremont 7 - Long Beach 1 |
BOTTOM OF THE 8TH |
Long Beach KO batting - Pitching for Fremont Cyclones : LHP Robert Griggs
|
Batting: RHB Kenny Pruitt
|
0-0: Foul Ball, location: 2F 0-1: Fly out, F9 (Flyball, 89M)
|
Batting: RHB Juan Rodríguez
|
0-0: Called Strike 0-1: Ground out 4-3 (Groundball, 4)
|
Batting: RHB Juan Herrera
|
0-0: Ball 1-0: Swinging Strike 1-1: Ball 2-1: Foul Ball, location: 2F 2-2: Foul Ball, location: 2F 2-2: Fly out, F2 (Popup, 2RF)
|
Bottom of the 8th over - 0 run(s), 0 hit(s), 0 error(s), 0 left on base; Fremont 7 - Long Beach 1 |
TOP OF THE 9TH |
Fremont Cyclones batting - Pitching for Long Beach KO : LHP António Bruno
|
Batting: RHB Brian Stewart
|
0-0: Fly out, F4 (Popup, 4D)
|
Batting: RHB Robinson Fernández
|
0-0: Ball 1-0: Foul Ball, location: 2F 1-1: Foul Ball, location: 2F 1-2: SINGLE (Line Drive, 56D)
|
Batting: LHB Ernesto Hernández
|
0-0: Ball Robinson Fernández steals 2nd base 1-0: Foul Ball, location: 2F 1-1: Ground out 4-3 (Groundball, 4M) Robinson Fernández to third
|
Batting: SHB Arnold Moore
|
0-0: Called Strike 0-1: Ball 1-1: Ground out 6-3 (Groundball, 6M)
|
Top of the 9th over - 0 run(s), 1 hit(s), 0 error(s), 1 left on base; Fremont 7 - Long Beach 1 |
BOTTOM OF THE 9TH |
Long Beach KO batting - Pitching for Fremont Cyclones : LHP Robert Griggs
|
Batting: RHB Francisco López
|
0-0: Ground out 5-3 (Groundball, 56)
|
Batting: RHB Máximo Salazar
|
0-0: Ball 1-0: Ball 2-0: Ball 3-0: Called Strike 3-1: Base on Balls
|
Batting: SHB Juan Cervantes
|
0-0: Fly out, F6 (Popup, 56)
|
Batting: RHB Bill Muñóz
|
0-0: Foul Ball, location: 2F 0-1: Called Strike 0-2: Ball 1-2: Ball 2-2: Fly out, F9 (Flyball, 23F)
|
Bottom of the 9th over - 0 run(s), 0 hit(s), 0 error(s), 1 left on base; Fremont 7 - Long Beach 1 |
|